 Dungeon Crawl Stone Soup version 0.30-a0-364-gf6b3ef1049 (webtiles) character file.

Game seed: 7942987367822488371

3221 mcwallace the Covert (level 9, -1/67 HPs)
             Began as a Vampire Enchanter on Nov 15, 2022.
             Was a Follower of Cheibriados.
             Slain by Grum
             ... wielding a -2 spear
              (20 damage)
             ... on level 8 of the Dungeon.
             The game lasted 00:21:40 (6540 turns).

mcwallace the Covert (Vampire Enchanter)            Turns: 6540, Time: 00:21:40

Health: -1/67      AC:  6    Str:  9    XL:     9   Next: 66%
Magic:  0/17       EV: 18    Int: 19    God:    Cheibriados [*.....]
Gold:   440        SH:  0    Dex: 27    Spells: 8/19 levels left

rFire   . . .      SeeInvis +    D - +2 short sword (venom) {short}
rCold   . . .      Faith    .    (no shield)
rNeg    . . .      Spirit   +    b - +0 robe
rPois   .          Reflect  .    e - +1 helmet {SInv}
rElec   .          Harm     .    E - scarf {shadows}
rCorr   .          Rampage  .    g - +0 pair of gloves
Will    .....                    d - +0 pair of boots
Stlth   +++++.....               Z - amulet of guardian spirit
HPRegen 0.51/turn                p - ring of wizardry
MPRegen 0.15/turn                Y - +6 ring of dexterity

@: healing quickly, very slow
A: alive, fangs 3, see invisible, vampiric 2
a: Exsanguinate, Renounce Religion, Bend Time


You were on level 8 of the Dungeon.
You worshipped Cheibriados.
Cheibriados was aware of your devotion.
You visited 1 branch of the dungeon, and saw 8 of its levels.
You also visited: Ossuary.

You collected 440 gold pieces.


Innate Abilities, Weirdness & Mutations

Your natural rate of healing is accelerated.
You have razor-sharp teeth.
You have supernaturally acute eyesight. (SInv)
You are afflicted with vampirism and can become a bat while bloodless.


   Skills:
 + Level 4.8 Fighting
 + Level 6.1 Short Blades
 + Level 6.5 Dodging
 + Level 9.7 Stealth
 + Level 5.5 Spellcasting
 - Level 9.0 Hexes
 + Level 0.0 Transmutations
 + Level 0.0 Earth Magic


You had 8 spell levels left.
You knew the following spells:

 Your Spells              Type           Power      Damage    Failure   Level
a - Ensorcelled Hibernat  Hex/Ice        44%        N/A       1%          2
b - Tukima's Dance        Hex            39%        N/A       1%          3
c - Confusing Touch       Hex            39%        N/A       1%          3
d - Dazzling Flash        Conj/Hex       44%        N/A       2%          3

Your spell library contained the following spells:

 Spells                   Type           Power      Damage    Failure   Level
 Apportation              Tloc           10%        N/A       4%          1
 Freeze                   Ice            20%        1d4       4%          1
 Necrotise                Necr           20%        1d5       4%          1
 Shock                    Conj/Air       20%        1d4       4%          1
 Summon Small Mammal      Summ           20%        N/A       4%          1
 Leda's Liquefaction      Hex/Erth       11%        N/A       8%          4
 Frozen Ramparts          Ice            10%        1d2       14%         3
 Gell's Gravitas          Tloc           5%         N/A       14%         3
 Hailstorm                Conj/Ice       5%         3d4       14%         3
 Lesser Beckoning         Tloc           10%        N/A       14%         3
 Swiftness                Air            5%         N/A       14%         3
 Teleport Other           Tloc           5%         N/A       14%         3
 Airstrike                Air            2%         2d(1-17)  41%         4
 Ice Form                 Ice/Tmut       5%         N/A       41%         4
 Summon Ice Beast         Ice/Summ       5%         N/A       41%         4
 Lee's Rapid Deconstruct  Erth           2%         3d5*      75%         5
 Statue Form              Tmut/Erth      3%         N/A       99%         6

Inventory:

Hand Weapons
 a - a +1 dagger {short}
 D - a +2 short sword of venom (weapon) {short}
   (You found it on level 3 of the Dungeon)
Missiles
 h - 68 stones (quivered) {throwing}
 q - 12 poisoned darts {throwing}
 x - 6 curare-tipped darts {=fthrowing}
 F - 8 javelins {throwing}
Armour
 b - a +0 robe (worn)
 d - a +0 pair of boots (worn)
   (You found it on level 1 of the Dungeon)
 e - a +1 helmet of see invisible (worn)
   (You found it on level 1 of the Dungeon)
 g - a +0 pair of gloves (worn)
   (You found it on level 1 of the Dungeon)
 l - a scarf of invisibility
   (You found it on level 1 of the Dungeon)
 z - a +0 leather armour
   (You took it off an orc on level 3 of the Dungeon)
 A - a +0 ring mail
   (You found it on level 3 of the Dungeon)
 B - a +0 chain mail
   (You found it on level 3 of the Dungeon)
 E - a scarf of shadows (worn)
   (You found it on level 3 of the Dungeon)
 G - a +0 leather armour
   (You took it off an orc on level 4 of the Dungeon)
 K - a +0 ring mail
   (You took it off an orc on level 4 of the Dungeon)
 L - a +0 chain mail
   (You found it on level 4 of the Dungeon)
 N - a +0 robe
   (You found it on level 4 of the Dungeon)
 O - a +0 leather armour
   (You took it off Ijyb on level 4 of the Dungeon)
 V - a +0 chain mail
   (You took it off an orc on level 5 of the Dungeon)
 W - a +0 chain mail
   (You took it off an orc on level 5 of the Dungeon)
 X - a +0 leather armour
   (You took it off an orc on level 6 of the Dungeon)
Jewellery
 o - a ring of willpower
   (You found it on level 6 of the Dungeon)
 p - a ring of wizardry (left hand)
   (You found it on level 2 of the Dungeon)
 Y - a +6 ring of dexterity (right hand)
   (You found it on level 6 of the Dungeon)
 Z - an amulet of guardian spirit (around neck)
   (You found it on level 6 of the Dungeon)
Wands
 P - a wand of flame (13)
   (You took it off Ijyb on level 4 of the Dungeon)
 U - a wand of polymorph (14)
   (You took it off an orc on level 5 of the Dungeon)
Scrolls
 j - a scroll of summoning {unknown}
 m - 3 scrolls of fear {unknown}
 s - 2 scrolls of amnesia
 t - 4 scrolls of identify {unknown}
 u - 2 scrolls of poison {unknown}
 y - 2 scrolls of teleportation {@r4}
 C - 3 scrolls of magic mapping {unknown}
 J - a scroll of blinking {unknown}
 M - a scroll of fog {unknown}
 T - 2 scrolls of enchant armour {unknown}
Potions
 c - a potion of invisibility
 f - 3 potions of curing {unknown}
 i - a potion of attraction {unknown}
 k - a potion of berserk rage {unknown}
 n - a potion of cancellation {unknown}
 r - 2 potions of lignification {unknown}
 v - a potion of mutation {unknown}
 w - 2 potions of degeneration {unknown}
 H - a potion of might {unknown}
 I - 2 potions of haste {unknown}
 Q - a potion of flight {unknown}
 R - a potion of brilliance {unknown}
 S - a potion of heal wounds {unknown}

Dungeon Overview and Level Annotations

Branches:
Dungeon (8/15) Zot: 40460  Temple (0/1) D:7         Ossuary (visited)
   Lair: D:8-11

Altars:
Cheibriados
Dithmenos
Hepliaklqana
Kikubaaqudgha
Nemelex Xobeh
Xom
Yredelemnul

Portals:
Abyss: D:6

Annotations:
D:6 2 transporters, Hubris850's ghost, novice HOFi
D:8 Grum

.......#....
#.....#.#...####
#.....#.#.......
.#.....#.#.......
.......#.........
#...##..........
#.......g.......
#...#.hh#'#.###
.....#.@.#g#.####
...#.#...#......#
.. #<..#.#......#
. #.###.#......#
#.....#......#
#######......#
#......#
#........
###.#####


You could see Grum and 2 wolves.


Message History

a +0 club {mace}; a +0 leather armour
Things that are here:
a +0 short sword {short}; a +0 chain mail
Things that are here:
a +0 ring mail; a +0 hand axe {axe}
There is a stone staircase leading up here.
Done exploring.
Done exploring.
There is a stone staircase leading down here.
You climb downwards.
There is a stone staircase leading up here.
You now have 440 gold pieces (gained 12).
You open the door.
Grum and a wolf come into view.
A wolf comes into view.
There is an open door here.
Grum growls angrily.
The wolf howls!
Grum lets out an intimidating howl.
The wolf howls!
The wolf misses you.
Grum hits you with a -2 spear! 😕 HP[-10] MP[-3]
You take 10 damage, and now have 57/67 hp.
You lost 3 mp, and now have 14/17 mp.
The wolf attacks as you move away! The wolf bites you but does no damage.
The wolf bites you. Grum barely misses you. The wolf bites you.
Grum barely misses you. The wolf bites you. 😕 HP[-6] MP[-2]
You take 6 damage, and now have 51/67 hp.
You lost 2 mp, and now have 12/17 mp.
The wolf attacks as you move away! The wolf bites you. The wolf misses you.
The wolf closely misses you. The wolf bites you. 😮 HP[-1] MP[-1]
You take 1 damage, and now have 50/67 hp.
You lost 1 mp, and now have 11/17 mp.
The wolf attacks as you move away! The wolf bites you.
The wolf barely misses you.
There is an open door here.
Casting: Tukima's Dance (safe; 1% risk of failure)
Confirm with . or Enter, or press ? or * to list all spells.
Aiming: Tukima's Dance (safe; 1% risk of failure)
Press: ? - help, Shift-Dir - straight line, f - Grum
Aim: Grum, wielding a -2 spear and wearing a +0 animal skin (chance to affect: 73%)
The wolf struggles to resist.
The wolf bites you but does no damage. The wolf misses you. 😕 HP[+1] MP[-3]
You lost 3 mp, and now have 8/17 mp.
You hit the wolf. You bite the wolf. The wolf misses you.
Grum completely misses you.
You barely miss the wolf. The wolf closely misses you.
Grum lets out an intimidating howl.
Grum hits you from afar with a -2 spear. 😮 HP[-2]
You take 2 damage, and now have 49/67 hp.
Casting: Tukima's Dance (safe; 1% risk of failure)
Confirm with . or Enter, or press ? or * to list all spells.
Aiming: Tukima's Dance (safe; 1% risk of failure)
Press: ? - help, Shift-Dir - straight line, f/p - Grum
Aim: Grum, wielding a -2 spear and wearing a +0 animal skin (chance to affect: 73%)
Okay, then.
Casting: Tukima's Dance (safe; 1% risk of failure)
Confirm with . or Enter, or press ? or * to list all spells.
Casting: Dazzling Flash (dangerous; 2% risk of failure)
Press: ? - help, Dir - look around, f - activate Grum is dazzled.
The wolf bites you! The wolf misses you. The wolf bites you!
The wolf misses you.
Grum barely misses you. 😮 HP[-14] MP[-4]
You take 14 damage, and now have 35/67 hp.
MASSIVE DAMAGE!! (PAUSE)
You lost 4 mp, and now have 4/17 mp.
You hit the wolf but do no damage. You bite the wolf. The wolf bites you.
The wolf barely misses you. 😮 HP[-1]
You take 1 damage, and now have 34/67 hp.
You completely miss the wolf. The wolf bites you.
* * * LOW HITPOINT WARNING * * *
The wolf completely misses you.
Grum hits you from afar with a -2 spear!
* * * LOW HITPOINT WARNING * * *
😨 HP[-9] MP[-1]
You take 9 damage, and now have 25/67 hp.
You lost 1 mp, and now have 3/17 mp.
The wolf attacks as you move away! The wolf misses you. x3
The wolf closely misses you. The wolf misses you.
The wolf attacks as you move away! The wolf closely misses you.
The wolf attacks as you move away! The wolf bites you.
* * * LOW HITPOINT WARNING * * *
😨 HP[-3]
You take 3 damage, and now have 22/67 hp.
The wolf bites you.
* * * LOW HITPOINT WARNING * * *
The wolf misses you. 😨 HP[-3]
You take 3 damage, and now have 19/67 hp.
Casting: Dazzling Flash (dangerous; 2% risk of failure)
Confirm with . or Enter, or press ? or * to list all spells.
Casting: Dazzling Flash (dangerous; 2% risk of failure)
Press: ? - help, Dir - look around, f - activate The wolf barely misses you.
The wolf closely misses you.
Grum hits you from afar with a -2 spear!!
You die...

Skill      XL: |  1  2  3  4  5  6  7  8  9 |
---------------+----------------------------+-----
Fighting       | 1 2 3 4 |  4.8
Short Blades   | 2 3 4 5 6 |  6.1
Stealth        | 5 6 7 8 9 |  9.7
Hexes          | 5 6 8 9 |  9.0
Dodging        | 3 4 5 6 |  6.5
Spellcasting   | 3 4 5 |  5.5

Action                   |  1- 3 |  4- 6 |  7- 9 || total
-------------------------+-------+-------+-------++-------
Melee: Dagger            |   172 |    49 |       ||   221
       Bite              |    12 |    29 |    28 ||    69
       Punch             |     1 |       |     4 ||     5
       Short sword       |       |   152 |   197 ||   349
       Unarmed           |       |       |    12 ||    12
Throw: Javelin           |       |     3 |       ||     3
       Stone             |       |       |     1 ||     1
 Cast: Ensorcelled Hiber |     7 |    12 |    46 ||    65
       Tukima's Dance    |       |     1 |     5 ||     6
       Dazzling Flash    |       |       |     4 ||     4
       Confusing Touch   |       |       |     2 ||     2
 Abil: Exsanguinate      |       |     1 |       ||     1
  Use: Scroll            |       |     3 |       ||     3
       Potion            |       |       |     1 ||     1
 Stab: Sleeping          |    14 |    10 |    31 ||    55
       Distracted        |       |       |     3 ||     3
       Invisible         |       |       |     2 ||     2
       Confused          |       |       |     1 ||     1
Armor: Robe              |    42 |    67 |    30 ||   139
       Skin              |       |       |     3 ||     3
Dodge: Dodged            |   106 |   183 |   167 ||   456

Levels and vault maps discovered:
D:1:      roderic_octagonal_star, layout_rooms, serial_forest,
          infiniplex_forest_straight_2, infiniplex_forest_lined_3,
          infiniplex_forest_corner_2, infiniplex_forest_clump_tiny,
          shapermc_ecumenical_altar_rom_forum, minmay_quantized
D:2:      layout_loops_cross
D:3:      layout_basic, amethyst_overflow_temple_binary,
          mainiacjoe_overflow_alcove_4
D:4:      layout_cave_pools, enter_ossuary_3, minmay_puff, uniq_ijyb,
          uniq_sigmund
D:5:      layout_cave_pools, grunt_temple_overflow_order_and_chaos_1,
          old_standard_altar, uniq_crazy_yiuf_cottage, uniq_grinder
D:6:      layout_rooms, mainiacjoe_overflow_alcove_1,
          mainiacjoe_overflow_alcove_2, gammafunk_ghost_abyssal_escape
D:7:      layout_rooms, minmay_temple_entry_wispy
D:8:      layout_basic, tso_oasis_becter, okawaru_metal_pillars_1_2,
          serial_shops, nicolae_shop_stone, uniq_maggie, uniq_amaemon,
          uniq_prince_ribbit1, uniq_grum

Notes
Turn   | Place    | Note
-------+----------+-------------------------------------------
     0 | D:1      | mcwallace the Vampire Enchanter began the quest for the
                  | Orb.
     0 | D:1      | Reached XP level 1. HP: 13/13 MP: 3/3
     0 | D:1      | magus.rc [v1.9.6]
   334 | D:1      | Reached XP level 2. HP: 19/19 MP: 5/5
   368 | D:1      | You pick up a book of Rime and begin reading...
   368 | D:1      | You add the spells Frozen Ramparts, Ice Form and Summon Ice
                  | Beast to your library.
   508 | D:1      | Found a faded altar of an unknown god.
   520 | D:1      | Got Plato's Monograph on Rime
   688 | D:1      | Gained mutation: You are afflicted with vampirism and can
                  | become a bat while bloodless. [Vampire growth]
   688 | D:1      | Reached XP level 3. HP: 25/25 MP: 6/6
   755 | D:2      | Learned a level 2 spell: Ensorcelled Hibernation
   759 | D:2      | Learned a level 3 spell: Tukima's Dance
   811 | D:2      | You pick up a book of Air and begin reading...
   811 | D:2      | You add the spells Shock, Swiftness and Airstrike to your
                  | library.
   929 | D:2      | You pick up a book of Displacement and begin reading...
   929 | D:2      | You add the spells Lesser Beckoning, Gell's Gravitas and
                  | Teleport Other to your library.
  1253 | D:2      | Reached skill level 1 in Fighting
  1523 | D:2      | Reached XP level 4. HP: 31/32 MP: 7/7
  1689 | D:3      | Reached skill level 2 in Short Blades
  1689 | D:3      | Reached skill level 5 in Stealth
  1689 | D:3      | Reached skill level 5 in Hexes
  1886 | D:3      | Reached skill level 3 in Dodging
  2129 | D:3      | Found a hazy altar of Hepliaklqana.
  2492 | D:3      | Found an ancient bone altar of Kikubaaqudgha.
  2497 | D:3      | Found a shadowy altar of Dithmenos.
  2644 | D:4      | Reached XP level 5. HP: 34/37 MP: 6/9
  2782 | D:4      | Found a sand-covered staircase.
  2788 | Ossuary  | Entered an ossuary
  2788 | Ossuary  | Noticed a wraith
  2788 | Ossuary  | Noticed a wraith
  2789 | Ossuary  | Noticed a wraith
  2881 | Ossuary  | Noticed a wraith
  3046 | Ossuary  | HP: 9/38 [wraith (4)]
  3050 | Ossuary  | HP: 4/38 [wraith (3)]
  3123 | D:4      | Reached skill level 3 in Spellcasting
  3123 | D:4      | Reached XP level 6. HP: 44/44 MP: 10/10
  3174 | D:4      | Reached skill level 2 in Fighting
  3237 | D:4      | Noticed Sigmund
  3247 | D:4      | Killed Sigmund
  3248 | D:4      | Reached skill level 3 in Short Blades
  3248 | D:4      | Reached skill level 6 in Stealth
  3248 | D:4      | Reached skill level 6 in Hexes
  3311 | D:4      | Reached skill level 4 in Dodging
  3430 | D:4      | Reached XP level 7. HP: 51/51 MP: 7/12
  3699 | D:4      | Noticed Ijyb
  3706 | D:4      | Killed Ijyb
  3845 | D:5      | Entered Level 5 of the Dungeon
  4085 | D:5      | Found a runed translucent door.
  4086 | D:5      | Noticed Crazy Yiuf
  4144 | D:5      | Found a shimmering altar of Xom.
  4144 | D:5      | Noticed an angel
  4243 | D:5      | Noticed Grinder
  4247 | D:5      | Paralysed by Grinder for 2 turns
  4255 | D:5      | Paralysed by Grinder for 2 turns
  4265 | D:5      | Killed Grinder
  4266 | D:5      | Reached skill level 3 in Fighting
  4266 | D:5      | Reached skill level 4 in Short Blades
  4266 | D:5      | Reached skill level 7 in Stealth
  4341 | D:5      | Found a basalt altar of Yredelemnul.
  4468 | D:5      | Reached XP level 8. HP: 58/58 MP: 10/13
  4507 | D:5      | Reached skill level 4 in Spellcasting
  4507 | D:5      | Reached skill level 7 in Hexes
  4640 | D:5      | Killed Crazy Yiuf
  4698 | D:6      | You pick up a book of Cantrips and begin reading...
  4698 | D:6      | You add the spells Necrotise, Summon Small Mammal and
                  | Apportation to your library.
  4721 | D:6      | Reached skill level 5 in Dodging
  4850 | D:6      | Found a one-way gate to the infinite horrors of the Abyss.
  4850 | D:6      | Noticed Hubris850's ghost (novice HOFi)
  4859 | D:6      | Found a transporter.
  4919 | D:6      | You pick up a book of Frost and begin reading...
  5003 | D:6      | Reached skill level 8 in Stealth
  5011 | D:6      | Reached skill level 5 in Short Blades
  5032 | D:6      | Reached skill level 4 in Fighting
  5032 | D:6      | Reached skill level 8 in Hexes
  5043 | D:6      | Reached XP level 9. HP: 34/65 MP: 0/16
  5150 | D:6      | Found a sparkling altar of Nemelex Xobeh.
  5209 | D:6      | Found a transporter.
  5327 | D:6      | Found a snail-covered altar of Cheibriados.
  5334 | D:6      | Became a worshipper of Cheibriados the Contemplative
  5492 | D:6      | Learned a level 3 spell: Confusing Touch
  5496 | D:6      | Learned a level 3 spell: Dazzling Flash
  5570 | D:6      | Reached skill level 5 in Spellcasting
  5654 | D:6      | Reached skill level 9 in Stealth
  5683 | D:7      | Reached skill level 6 in Dodging
  5885 | D:7      | Reached * piety under Cheibriados
  5945 | D:7      | Reached skill level 6 in Short Blades
  6107 | D:7      | Reached skill level 9 in Hexes
  6197 | D:7      | Found a staircase to the Ecumenical Temple.
  6200 | D:7      | You pick up a book of the Earth and begin reading...
  6200 | D:7      | You add the spells Leda's Liquefaction, Lee's Rapid
                  | Deconstruction and Statue Form to your library.
  6523 | D:8      | Noticed Grum
  6540 | D:8      | Slain by Grum

Vanquished Creatures
  Grinder (D:5)
  Sigmund (D:4)
  8 yaks
  2 water moccasins
  A sky beast (D:6)
  A black bear (D:6)
  A phantom (D:7)
  A kobold brigand (D:7)
  2 bullfrogs (D:6)
  2 scorpions
  5 orc priests
  12 hounds
  Crazy Yiuf (D:5)
  An iguana (D:5)
  Ijyb (D:4)
  2 orc wizards (D:6)
  A mummy (Ossuary)
  8 adders
  2 ufetubi
  5 worms
  A dart slug (D:3)
  32 orcs
  3 bats
  5 endoplasms
  7 giant cockroaches
  6 goblins
  7 hobgoblins
  8 jackals
  7 quokkas
  7 ball pythons
  4 frilled lizards (D:1)
  4 gnoll skeletons (Ossuary)
  A hobgoblin zombie (D:4)
  8 kobolds
  4 kobold skeletons (Ossuary)
  9 orc skeletons (Ossuary)
  3 rats
174 creatures vanquished.

Vanquished Creatures (collateral kills)
  An orc priest (D:7)
1 creature vanquished.

Vanquished Creatures (others)
  A dancing weapon (D:7)
1 creature vanquished.

Grand Total: 176 creatures vanquished

Table legend:
 A = Non-vault XP
 B = Vault XP
 C = Vault XP percentage of total XP
 D = Non-vault monster count
 E = Vault monster count
 F = Vault count percentage of total count
                 A         B        C        D         E       F
            +---------+---------+-------+---------+---------+-------
      Total |    3949 |     653 |  14.2 |     142 |      33 |  18.9
            +---------+---------+-------+---------+---------+-------
        D:1 |      37 |       8 |  17.8 |      21 |       6 |  22.2
        D:2 |      52 |       0 |   0.0 |      20 |       0 |   0.0
        D:3 |     134 |       0 |   0.0 |      22 |       0 |   0.0
        D:4 |     289 |     284 |  49.6 |      18 |       7 |  28.0
        D:5 |     463 |     326 |  41.3 |      14 |       2 |  12.5
        D:6 |    1761 |       0 |   0.0 |      28 |       0 |   0.0
        D:7 |    1213 |       0 |   0.0 |      19 |       0 |   0.0
    Ossuary |       0 |      35 | 100.0 |       0 |      18 | 100.0
            +---------+---------+-------+---------+---------+-------

Illustrated notes

Table legend:
 A = Kills in this place as a percentage of kills in entire the game.
 B = Kills by you in this place as a percentage of kills by you in the entire game.
 C = Kills by friends in this place as a percentage of kills by friends in the entire game.
 D = Other kills in this place as a percentage of other kills in the entire game.
 E = Experience gained in this place as a percentage of experience gained in the entire game.
 F = Experience gained in this place divided by the number of levels of this place that you have seen.
                   A       B       C       D       E      F
               +-------+-------+-------+-------+-------+----------------------
         Total | 100.0 | 100.0 | 100.0 |   N/A | 100.0 | 511.3
       Dungeon |  89.7 |  89.7 | 100.0 |   N/A |  99.2 | 570.9
       Ossuary |  10.3 |  10.3 |   0.0 |   N/A |   0.8 |  35.0
               +-------+-------+-------+-------+-------+----------------------

Table legend: (Time is in decaauts)
 A = Elapsed time spent in this place.
 B = Non-inter-level travel time spent in this place.
 C = Inter-level travel time spent in this place.
 D = Time resting spent in this place.
 E = Time spent auto-exploring this place.
 F = Levels seen in this place.
 G = Mean time per level.
                   A        B        C        D        E       F      G
               +--------+--------+--------+--------+--------+-----+--------+
         Total |   6745 |   6535 |    210 |    284 |   4472 |   9 |  749.4 |
       Dungeon |   6439 |   6229 |    210 |    284 |   4454 |   8 |  804.9 |
       Ossuary |    306 |    306 |      0 |      0 |     18 |   1 |  306.0 |
               +--------+--------+--------+--------+--------+-----+--------+

Top non-repeatable levels by time:
     D:6: 1023 daAuts
     D:7: 1021 daAuts
     D:3: 1017 daAuts
     D:2: 902 daAuts
     D:4: 883 daAuts
     D:5: 820 daAuts
     D:1: 730 daAuts
 Ossuary: 306 daAuts
     D:8: 39 daAuts
